 Dungeon Sprint DCSS version 0.19-a0-1922-g1e9a4c1 (webtiles) character file.

3557 Naow the Unseen (level 9, -2/39 HPs)
             Began as a Spriggan Enchanter on Oct 24, 2016.
             Was a High Priest of Dithmenos.
             Slain by a catoblepas (4 damage)
             ... in the Dungeon (Sprint IX: "|||||||||||||||||||||||||||||").
             The game lasted 00:06:17 (1031 turns).

Naow the Unseen (Spriggan Enchanter)                Turns: 1031, Time: 00:06:18

Health: -2/39      AC:  3    Str:  6    XL:     9   Next: 83%
Magic:  4/27       EV:  4    Int: 17    God:    Dithmenos [*****.]
Gold:   7          SH:  0    Dex: 20    Spells: 4 memorised, 25 levels left

rFire  . . .     SeeInvis +     p - +2 rapier (venom)
rCold  . . .     Gourm    .     b - +1 robe
rNeg   + + +     Faith    .     (shield restricted)
rPois  ∞         Spirit   .     (helmet restricted)
rElec  .         Reflect  .     (no cloak)
rCorr  .         Harm     .     (gloves unavailable)
MR     +....     NoTele   +     (boots unavailable)
Stlth  +++++++++.               (no amulet)
                                o - +3 ring of dexterity
                                n - +2 ring of evasion

@: petrified, wreathed by umbra, very quick
A: unfitting armour, see invisible, herbivore 3, speed 3, slow metabolism 2
a: Shadow Step, Shadow Form, Renounce Religion


You were in the Dungeon.
You worshipped Dithmenos.
Dithmenos was extremely pleased with you.
You were not hungry.

You visited 1 branch You collected 7 gold pieces.

Inventory:

Hand Weapons
 a - a +1 dagger
 k - a +0 whip
 p - a +2 rapier of venom (weapon)
Armour
 b - a +1 robe (worn)
Jewellery
 n - a +2 ring of evasion (left hand)
 o - a +3 ring of dexterity (right hand)
 u - the ring of Gyivoum {*Drain Str+3 Int+3 Dex+2 Stlth-}
   (You found it in the Dungeon)

   [ring of loudness]

   It affects your strength (+3).
   It affects your intelligence (+3).
   It affects your dexterity (+2).
   It causes draining when unequipped.
   It makes you less stealthy.
Wands
 m - a wand of acid (7/15)
Scrolls
 i - 5 scrolls of remove curse
 j - 2 scrolls of blinking
 l - 2 scrolls of amnesia
 v - a scroll of identify
 w - 2 scrolls of enchant armour
 x - 2 scrolls of fog
Potions
 e - a potion of invisibility
 f - 2 potions of heal wounds
 g - 3 potions of curing
 h - 4 potions of magic
 q - 2 potions of haste
 r - a potion of berserk rage
 s - a potion of cure mutation
 t - a potion of might
Books
 c - a book of Maledictions

   Spells                             Type                      Level
   a - Corona                         Hexes                        1
   b - Ensorcelled Hibernation        Hexes/Ice                    2
   c - Confuse                        Hexes                        3
   d - Tukima's Dance                 Hexes                        3
   e - Dazzling Spray                 Conjuration/Hexes            3
Comestibles
 d - a bread ration


   Skills:
 + Level 12.0 Short Blades
 * Level 10.8 Dodging
 - Level 15.3 Stealth
 + Level 13.2 Spellcasting
 + Level 13.5 Hexes


You had 25 spell levels left.
You knew the following spells:

 Your Spells              Type           Power        Failure   Level  Hunger
a - Corona                Hex            ######.      1%          1    None
b - Ensorcelled Hibernat  Hex/Ice        ####..       1%          2    None
c - Tukima's Dance        Hex            ######..     1%          3    None
d - Confuse               Hex            ######..     1%          3    None


Dungeon Overview and Level Annotations

Branches:
Dungeon (1/1)

Altars:
Cheibriados
Dithmenos
Elyvilon
Fedhas
Gozag
Hepliaklqana
Kikubaaqudgha
Makhleb
Nemelex Xobeh
Okawaru
Qazlal
Ru
Sif Muna
Trog
Uskayaw
Vehumet
Xom
Yredelemnul
Zin
The Shining One
Beogh
Jiyva
Lugonu


Innate Abilities, Weirdness & Mutations

You are very small and have problems with some larger weapons.
You are too small for most types of armour.
You have supernaturally acute eyesight. (SInv)
You are a herbivore.
You cover ground extremely quickly.
You need consume almost no food.


Message History

Casting: Confuse
Confirm with . or Enter, or press ? or * to list all spells.
Aiming: Ensorcelled Hibernation
Press: ? - help, Shift-Dir - straight line, f/p - catoblepas
Aim: a catoblepas (umbra, chance to defeat MR: 6%)
The catoblepas resists with almost no effort.
Your shadow mimicks your spell!
The catoblepas resists with almost no effort.
You are engulfed in calcifying dust.
You are slowing down.
The catoblepas barely misses you.
A yak comes into view.
You feel better.
You are engulfed in calcifying dust.
Your limbs have turned to stone.
The catoblepas gores you!
* * * LOW HITPOINT WARNING * * *
The catoblepas closely misses you.
You have turned to stone.
You are engulfed in calcifying dust.
The catoblepas gores you.
* * * LOW HITPOINT WARNING * * *
The catoblepas gores you!
You die...

▓▓▓▓▓▓▓▓▓▓▓▓▓▓▓▓▓▓▓▓▓▓▓▓▓▓▓▓▓
.....YkYkttY@.§§†'.....(.....
▓▓▓▓▓▓▓▓▓▓▓▓▓▓▓▓▓▓▓▓▓▓▓▓▓▓▓▓▓▓▓▓▓
.................................
▓▓▓▓▓▓▓▓▓▓▓▓▓▓▓▓▓▓▓▓▓▓▓▓▓▓▓▓▓▓▓▓▓
.)._______________________'......
▓▓▓▓▓▓▓▓▓▓▓▓▓▓▓▓▓▓▓▓▓▓▓▓▓▓▓▓▓▓▓▓▓


You could see a catoblepas, 2 yaks, 2 rime drakes and 2 crocodiles.

Vanquished Creatures
  2 hill giants (D)
  A cyclops (D)
  A black mamba (D)
  A spiny frog (D)
  A komodo dragon (D)
  A troll (D)
  A wyvern (D)
  A hungry ghost (D)
  4 water moccasins (D)
  A porcupine (D)
  A wolf (D)
  An ogre (D)
  A crocodile (D)
  A bullfrog (D)
  A jelly (D)
  A hound (D)
  A worker ant (D)
  An adder (D)
  A shadow imp (D)
  2 leopard geckos (D)
  An orc (D)
  A bat (D)
  2 bat skeletons (D)
  2 kobolds (D)
  A quokka skeleton (D)
  A rat (D)
33 creatures vanquished.

Notes
Turn   | Place    | Note
-------+----------+-------------------------------------------
     0 | D        | Naow the Spriggan Enchanter began the quest for the Orb.
     0 | D        | Reached XP level 1. HP: 9/9 MP: 5/5
    22 | D        | Reached skill level 5 in Stealth
   240 | D        | Noticed a worker ant
   240 | D        | Noticed a hound
   240 | D        | Noticed a jelly
   242 | D        | Reached skill level 5 in Hexes
   242 | D        | Reached XP level 2. HP: 13/13 MP: 5/7
   253 | D        | Reached skill level 7 in Stealth
   253 | D        | Reached XP level 3. HP: 16/16 MP: 6/10
   258 | D        | Reached skill level 5 in Spellcasting
   258 | D        | Reached XP level 4. HP: 21/21 MP: 8/12
   310 | D        | Reached skill level 8 in Stealth
   455 | D        | Learned a level 2 spell: Ensorcelled Hibernation
   459 | D        | Learned a level 3 spell: Tukima's Dance
   463 | D        | Learned a level 3 spell: Confuse
   477 | D        | Found a roughly hewn altar of Beogh.
   477 | D        | Found a snail-covered altar of Cheibriados.
   477 | D        | Found a shadowy altar of Dithmenos.
   477 | D        | Found a white marble altar of Elyvilon.
   477 | D        | Found a blossoming altar of Fedhas.
   477 | D        | Found an opulent altar of Gozag.
   478 | D        | Found a hazy altar of Hepliaklqana.
   479 | D        | Found a viscous altar of Jiyva.
   480 | D        | Found an ancient bone altar of Kikubaaqudgha.
   481 | D        | Found a corrupted altar of Lugonu.
   482 | D        | Became a worshipper of Dithmenos the Shadowed
   483 | D        | Found a burning altar of Makhleb.
   484 | D        | Found a sparkling altar of Nemelex Xobeh.
   485 | D        | Found an iron altar of Okawaru.
   486 | D        | Found a stormy altar of Qazlal.
   487 | D        | Found a sacrificial altar of Ru.
   488 | D        | Found a deep blue altar of Sif Muna.
   489 | D        | Found a bloodstained altar of Trog.
   490 | D        | Found a hide-covered altar of Uskayaw.
   491 | D        | Found a radiant altar of Vehumet.
   492 | D        | Found a shimmering altar of Xom.
   493 | D        | Found a basalt altar of Yredelemnul.
   494 | D        | Found a glowing silver altar of Zin.
   495 | D        | Found a glowing golden altar of the Shining One.
   536 | D        | Noticed a hill giant
   536 | D        | Noticed an ogre
   536 | D        | Noticed a hill giant
   536 | D        | Noticed a water moccasin
   540 | D        | Killed a water moccasin
   540 | D        | Reached skill level 10 in Stealth
   540 | D        | Reached XP level 5. HP: 24/24 MP: 6/15
   561 | D        | Killed a hill giant
   561 | D        | Reached skill level 12 in Stealth
   561 | D        | Reached skill level 10 in Hexes
   561 | D        | Reached XP level 6. HP: 28/28 MP: 2/19
   561 | D        | Reached XP level 7. HP: 32/32 MP: 2/21
   589 | D        | Killed a hill giant
   589 | D        | Reached * piety under Dithmenos
   589 | D        | Reached skill level 13 in Stealth
   589 | D        | Reached skill level 10 in Spellcasting
   589 | D        | Reached XP level 8. HP: 36/36 MP: 1/23
   622 | D        | Reached skill level 14 in Stealth
   728 | D        | Reached ** piety under Dithmenos
   755 | D        | Noticed a troll
   755 | D        | Noticed a cyclops
   757 | D        | Killed a cyclops
   757 | D        | Reached skill level 10 in Short Blades
   759 | D        | Reached skill level 15 in Stealth
   761 | D        | Killed a troll
   763 | D        | Reached *** piety under Dithmenos
   863 | D        | Got the ring of Gyivoum {*Drain Str+3 Int+3 Dex+2 Stlth-}
   875 | D        | Noticed a spiny frog
   875 | D        | Noticed a black mamba
   878 | D        | Reached XP level 9. HP: 34/39 MP: 23/26
   880 | D        | Killed a black mamba
   880 | D        | Reached **** piety under Dithmenos
   889 | D        | Killed a spiny frog
   895 | D        | Reached ***** piety under Dithmenos
  1006 | D        | Noticed a rime drake
  1006 | D        | Noticed a catoblepas
  1006 | D        | Noticed a komodo dragon
  1008 | D        | Reached skill level 10 in Dodging
  1014 | D        | Killed a komodo dragon
  1027 | D        | Noticed a rime drake
  1031 | D        | Slain by a catoblepas

Vault maps used:
D:        linesprint

Skill      XL: |  1  2  3  4  5  6  7  8  9 |
---------------+----------------------------+-----
Hexes          | 5 6 8 10 11 12 13 | 13.5
Stealth        | 5 7 10 12 13 15 | 15.3
Short Blades   | 2 3 4 6 8 9 11 12 | 12.0
Spellcasting   | 3 4 5 7 9 10 12 13 | 13.2
Dodging        | 4 10 | 10.8

Action                   |  1- 3 |  4- 6 |  7- 9 || total
-------------------------+-------+-------+-------++-------
Melee: Dagger            |    31 |    61 |       ||    92
       Rapier            |       |     2 |    26 ||    28
 Cast: Ensorcelled Hiber |       |     5 |    25 ||    30
       Confuse           |       |       |     3 ||     3
  Use: Potion            |     1 |     3 |     1 ||     5
 Stab: Sleeping          |     1 |     2 |    19 ||    22
Armor: Robe              |     2 |     3 |       ||     5
Dodge: Dodged            |    20 |    42 |    15 ||    77
